 Dungeon Crawl Stone Soup version 0.29-a0-398-ge13fd1374b (webtiles) character file.

Game seed: 11150555445961137436

7673 hquester the Ducker (level 10, -4/98 HPs)
             Began as a Troll Berserker on May 12, 2022.
             Was a High Priest of Trog.
             Slain by a two-headed ogre
             ... wielding a +0 giant club
              (22 damage)
             ... on level 10 of the Dungeon.
             The game lasted 00:40:18 (8134 turns).

hquester the Ducker (Troll Berserker)               Turns: 8134, Time: 00:40:18

Health: -4/98      AC: 15    Str: 27    XL:     10   Next: 99%
Magic:  9/9        EV: 13    Int:  3    God:    Trog [*****.]
Gold:   225        SH:  0    Dex: 19    Spells: 9/9 levels left

rFire   . . .      SeeInvis .     - Unarmed
rCold   . . .      Faith    .   (no shield)
rNeg    . . .      Spirit   .   q - +2 troll leather armour {Pargi}
rPois   .          Reflect  .   (helmet restricted)
rElec   .          Harm     .   y - +0 cloak
rCorr   .          Rampage  .   (gloves unavailable)
Will    .....                   (boots unavailable)
Stlth   +.........              x - amulet of regeneration
HPRegen 2.66/turn               g - +4 ring of protection
MPRegen 0.11/turn               A - +6 ring of dexterity

@: no status effects
A: large, unfitting armour, claws 3, regeneration 1, shaggy fur 2, tough skin 1
a: Renounce Religion, Berserk, Trog's Hand, Brothers in Arms


You were on level 10 of the Dungeon.
You worshipped Trog.
Trog was extremely pleased with you.
You visited 1 branch of the dungeon, and saw 10 of its levels.
You also visited: Sewer.

You collected 639 gold pieces.
You spent 414 gold pieces at shops.

Inventory:

Hand Weapons
 h - a +3 dagger of venom
 l - a +1 vampiric short sword
 p - a +3 flail of protection
 K - a +5 dagger
Missiles
 b - 345 stones (quivered)
Armour
 q - a +2 troll leather armour (worn) {Pargi}
 y - a +0 cloak (worn)
Jewellery
 a - a ring of flight
 g - a +4 ring of protection (left claw)
 x - an amulet of regeneration (around neck)
 A - a +6 ring of dexterity (right claw)
Wands
 w - a wand of digging (15)
 B - a wand of paralysis (5)
 E - a wand of flame (29)
 G - a wand of polymorph (16)
 I - a wand of acid (5)
Scrolls
 i - 2 scrolls of immolation
 t - 5 scrolls of poison
 C - a scroll of fog
 D - a scroll of vulnerability {unknown}
 J - a scroll of blinking {unknown}
 L - a scroll of enchant weapon
Potions
 c - a potion of invisibility {unknown}
 d - 4 potions of heal wounds
 e - 3 potions of attraction
 f - 3 potions of degeneration
 j - 4 potions of curing
 k - 3 potions of lignification
 m - 3 potions of might {unknown}
 n - 4 potions of berserk rage
 o - 3 potions of ambrosia
 r - 4 potions of flight
 s - a potion of haste {unknown}
 u - a potion of mutation
 v - 2 potions of magic {unknown}
 z - a potion of brilliance {unknown}
 F - a potion of resistance {unknown}
 H - a potion of cancellation {unknown}


   Skills:
 + Level 6.1 Fighting
 + Level 4.5 Maces & Flails
 + Level 4.5 Throwing
 + Level 5.4 Armour
 + Level 7.1 Dodging
 + Level 5.4 Shields
 - Level 6.7 Unarmed Combat


You had 9 spell levels left.
You didn't know any spells.
Your spell library was empty.

Dungeon Overview and Level Annotations

Branches:
Dungeon (10/15)            Temple (0/1) D:7             Orc (0/2) D:10
  Sewer (visited)
   Lair: D:8-11

Altars:
Dithmenos
Qazlal
Trog
Uskayaw
Yredelemnul
Zin

Shops:
D:5 =   D:6 *


Innate Abilities, Weirdness & Mutations

You are too large for most types of armour.
You have claws for hands.
Your natural rate of healing is unusually fast.
You are covered in thick fur. (AC +2)
You have tough skin. (AC +1)


Message History

Trog accepts your kill. The kobold barely misses you.
The kobold hits you but does no damage.
You scratch the kobold.
You kill the kobold!
Trog accepts your kill. The kobold hits you but does no damage.
You claw the kobold!
You kill the kobold!
Trog accepts your kill.
You see here a +0 club.
Things that are here:
a +0 short sword; a +0 hand crossbow; a kobold corpse
b - 340 stones (gained 3)
You see here a +0 dagger.
Items here: ( )) †.
Okay, then.
Things that are here:
a +0 whip; a kobold corpse
b - 345 stones (gained 5)
Things that are here:
a +0 club; a kobold corpse
Items here: ( )) †.
There is an open door here.
Found a stone staircase leading up.
L - a scroll of enchant weapon You open the door.
A two-headed ogre comes into view. It is wielding two +0 giant clubs.
The two-headed ogre hits you with a +0 giant club!! x2
There is an open door, spattered with blood here.
You mangle the two-headed ogre!!
The two-headed ogre is heavily wounded.
You scratch the two-headed ogre but do no damage.
The two-headed ogre is heavily wounded.
The two-headed ogre hits you with a +0 giant club!!
* * * LOW HITPOINT WARNING * * *
The two-headed ogre barely misses you.
The two-headed ogre attacks as you move away!
The two-headed ogre barely misses you.
The two-headed ogre hits you with a +0 giant club!!
You die...

. ............# ...
#.... ............#
...#..# #...
...........# ≈..#..#
#... ........### ..##..#
+.. #+##+###..≈ ≈.....#
#.. ...... ...≈≈ ##....#
#.##...... .≈.≈ #....#
#.#O......
#....#######+#.@.......
#..............#.......
##.....###+###..#.......
.......+ ###+###......
.......# #≈≈≈≈≈#######
##.....# #≈≈≈≈≈#
.#.....# #≈≈≈≈≈#
.#.....#####≈≈≈≈≈#####
≈≈
.#.........###'####..#
≈≈.#


You could see a two-headed ogre.

Vanquished Creatures
  The ghost of Psyclone the Chiller, a novice OpIE of Gozag (D:6)
  An unseen horror (D:10)
  A hornet (D:8)
  Prince Ribbit (D:6)
  2 shadows
  A wraith (D:10)
  3 yaks (D:8)
  4 wargs (D:10)
  2 steam dragons (D:7)
  2 swamp worms (D:7)
  Pargi (Sewer)
  2 water moccasins
  5 orc warriors
  2 black bears
  2 ice beasts
  2 ogres (D:5)
  6 centaurs
  A phantom (D:5)
  A kobold brigand (D:10)
  5 bullfrogs
  2 gnoll sergeants
  4 necrophages
  2 scorpions
  4 wights
  16 killer bees
  2 howler monkeys
  4 quasits (D:6)
  A gnoll shaman (D:6)
  4 jellies
  2 orc priests
  2 hounds (D:5)
  3 iguanas
  10 orc wizards
  11 gnolls
  12 adders
  5 shadow imps
  2 white imps
  4 worms
  4 dart slugs
  25 orcs
  9 bats
  2 endoplasms (D:2)
  2 giant cockroaches
  7 goblins
  5 hobgoblins
  4 jackals
  13 kobolds
  2 quokkas
  9 ball pythons
  3 frilled lizards
  8 rats
228 creatures vanquished.

Vanquished Creatures (others)
  A gnoll (D:7)
  4 plants (D:7)
5 creatures vanquished.

Grand Total: 233 creatures vanquished

Notes
Turn   | Place    | Note
-------+----------+-------------------------------------------
     0 | D:1      | hquester the Troll Berserker began the quest for the Orb.
     0 | D:1      | Reached XP level 1. HP: 22/22 MP: 0/0
   309 | D:1      | Reached XP level 2. HP: 29/29 MP: 1/1
  1205 | D:2      | Reached XP level 3. HP: 36/36 MP: 2/2
  1307 | D:2      | Reached skill level 3 in Dodging
  1328 | D:2      | Reached XP level 4. HP: 41/44 MP: 3/3
  1413 | D:2      | Noticed a great orb of eyes
  1416 | D:2      | Noticed a great orb of eyes
  1418 | D:2      | Found a faded altar of an unknown god.
  1420 | D:2      | Noticed a golden eye
  1420 | D:2      | Noticed a golden eye
  1824 | D:3      | Reached ** piety under Trog
  1853 | D:3      | Reached skill level 1 in Shields
  1895 | D:3      | Reached skill level 1 in Armour
  2086 | D:3      | Reached XP level 5. HP: 40/52 MP: 4/4
  2124 | D:3      | Found a glowing drain.
  2138 | Sewer    | Entered a sewer
  2176 | Sewer    | Noticed Pargi
  2189 | Sewer    | Killed Pargi
  2633 | D:4      | Reached XP level 6. HP: 61/61 MP: 5/5
  3282 | D:4      | Reached *** piety under Trog
  3359 | D:5      | Entered Level 5 of the Dungeon
  3359 | D:5      | Noticed an orc warrior
  3370 | D:5      | Killed an orc warrior
  3384 | D:5      | Reached skill level 4 in Dodging
  3575 | D:5      | Reached XP level 7. HP: 67/67 MP: 6/6
  3719 | D:5      | Reached skill level 5 in Unarmed Combat
  3778 | D:5      | Found Wagruacritu's Jewellery Emporium.
  3939 | D:5      | Reached XP level 8. HP: 78/78 MP: 7/7
  3953 | D:5      | Reached skill level 5 in Dodging
  4240 | D:6      | Noticed Prince Ribbit
  4267 | D:6      | Killed Prince Ribbit
  4361 | D:6      | Reached **** piety under Trog
  4362 | D:6      | Reached XP level 9. HP: 58/85 MP: 8/8
  4435 | D:6      | Gained mutation: You are frail. (-10% HP) [potion of
                  | mutation]
  4436 | D:6      | Lost mutation: You are frail. (-10% HP) [potion of
                  | mutation]
  4436 | D:6      | Gained mutation: You are frail. (-10% HP) [potion of
                  | mutation]
  4436 | D:6      | Gained mutation: Your movements are slightly less
                  | encumbered by armour. (ER -2) [potion of mutation]
  4437 | D:6      | Lost mutation: Your movements are slightly less encumbered
                  | by armour. (ER -2) [potion of mutation]
  4437 | D:6      | Lost mutation: You are frail. (-10% HP) [potion of
                  | mutation]
  4437 | D:6      | Gained mutation: You are covered in thick fur. (AC +2)
                  | [potion of mutation]
  4527 | D:6      | Noticed Psyclone's ghost (novice OpIE)
  4529 | D:6      | Found a transporter.
  4544 | D:6      | Reached skill level 1 in Maces & Flails
  4544 | D:6      | Reached skill level 1 in Throwing
  4572 | D:6      | Found a transporter.
  4735 | D:6      | Found Nedewinodd's Neck Hole.
  4740 | D:6      | Bought an amulet of regeneration for 360 gold pieces
  4740 | D:6      | Bought a +0 cloak for 54 gold pieces
  4873 | D:6      | Reached skill level 6 in Dodging
  5137 | D:6      | Killed Psyclone's ghost
  5292 | D:7      | Reached skill level 5 in Fighting
  5746 | D:7      | Reached XP level 10. HP: 34/96 MP: 9/9
  5832 | D:7      | Reached ***** piety under Trog
  5999 | D:7      | Found a staircase to the Ecumenical Temple.
  6446 | D:8      | Found a bloodstained altar of Trog.
  6447 | D:8      | Found a glowing silver altar of Zin.
  6448 | D:8      | Found a stormy altar of Qazlal.
  6449 | D:8      | Found a hide-covered altar of Uskayaw.
  6686 | D:8      | Reached skill level 5 in Shields
  6690 | D:8      | Reached skill level 5 in Armour
  6842 | D:8      | Found a basalt altar of Yredelemnul.
  6842 | D:8      | Found a shadowy altar of Dithmenos.
  7448 | D:9      | Reached skill level 7 in Dodging
  7599 | D:10     | Entered Level 10 of the Dungeon
  7943 | D:10     | Found a staircase to the Orcish Mines.
  8130 | D:10     | Noticed a two-headed ogre
  8134 | D:10     | Slain by a two-headed ogre

Illustrated notes

Levels and vault maps discovered:
D:1:      lemuel_arrival_lava_pool, layout_basic
D:2:      layout_basic, hellmonk_ecumenical_altar_watching_god,
          chequers_serial_rivers_small_3, mrwooster_statue_mirror,
          minmay_misc_feat_rows
D:3:      layout_basic, cheibrodos_sewer_entry_drain, minmay_crystal_water,
          serial_park_tiny_pond
D:4:      layout_basic
D:5:      layout_loops_cross, serial_shops, shop, minmay_divided_ellipse
D:6:      layout_gridville, gammafunk_ghost_stat_death, st_stairs_1,
          nicolae_shop_sticking_my_neck_out, uniq_prince_ribbit1
D:7:      layout_loops_corners, minmay_temple_entry_enclosed_plants,
          worms_lemuel
D:8:      layout_rooms, gammafunk_temple_overflow_elements,
          mainiacjoe_overflow_alcove_3, st_stairs_13, grunt_ministairs_11
D:9:      layout_irregular_city
D:10:     layout_irregular_city, minmay_orc_entry_guard_dogs, serial_rivers,
          chequers_serial_rivers_large_a, chequers_serial_rivers_large_b,
          chequers_serial_rivers_room_b, chequers_serial_rivers_micro_d

Skill      XL: |  1  2  3  4  5  6  7  8  9 10 |
---------------+-------------------------------+-----
Dodging        | 3 4 5 6 7 |  7.1
Shields        | 1 2 3 4 5 |  5.4
Armour         | 1 2 3 4 5 |  5.4
Unarmed Combat | 4 5 6 |  6.7
Fighting       | 3 4 5 6 |  6.1
Maces & Flails | 3 4 |  4.5
Throwing       | 3 4 |  4.5

Action                   |  1- 3 |  4- 6 |  7- 9 | 10-12 || total
-------------------------+-------+-------+-------+-------++-------
Melee: Unarmed           |    74 |   190 |   291 |   287 ||   842
       Punch             |     1 |     5 |     9 |    11 ||    26
Invok: Berserk           |       |       |     1 |       ||     1
       Trog's Hand       |       |       |     1 |       ||     1
  Use: Scroll            |       |    10 |     6 |     2 ||    18
       Potion            |       |       |     3 |       ||     3
Armor: Animal skin       |    35 |    76 |       |       ||   111
       Troll leather arm |       |    43 |   200 |   202 ||   445
Dodge: Dodged            |    27 |    87 |   225 |   224 ||   563

Table legend: (Time is in decaauts)
 A = Elapsed time spent in this place.
 B = Non-inter-level travel time spent in this place.
 C = Inter-level travel time spent in this place.
 D = Time resting spent in this place.
 E = Time spent auto-exploring this place.
 F = Levels seen in this place.
 G = Mean time per level.
                   A        B        C        D        E       F      G
               +--------+--------+--------+--------+--------+-----+--------+
         Total |   8083 |   8083 |      0 |      0 |   5358 |  11 |  734.8 |
       Dungeon |   7976 |   7976 |      0 |      0 |   5358 |  10 |  797.6 |
         Sewer |    107 |    107 |      0 |      0 |      0 |   1 |  107.0 |
               +--------+--------+--------+--------+--------+-----+--------+

Top non-repeatable levels by time:
     D:7: 1042 daAuts
     D:6: 982 daAuts
     D:1: 978 daAuts
     D:5: 865 daAuts
     D:4: 826 daAuts
     D:2: 793 daAuts
     D:9: 710 daAuts
     D:3: 649 daAuts
     D:8: 604 daAuts
    D:10: 522 daAuts
   Sewer: 107 daAuts
